 Dungeon Crawl Stone Soup version 0.29-a0-542-g075992c915 (webtiles) character file.

Game seed: 17466948299237472000

35 DocClef the Covert (level 3, -1/35 HPs)
             Began as a Gnoll Delver on June 4, 2022.
             Slain by a river rat (2 damage)
             ... in a sewer.
             The game lasted 00:01:22 (518 turns).

DocClef the Covert (Gnoll Delver)                    Turns: 518, Time: 00:01:22

Health: -1/35      AC:  3    Str: 13    XL:     3   Next: 33%
Magic:  4/4        EV: 13    Int:  9    God:
Gold:   0          SH:  0    Dex: 13    Spells: 3/3 levels left

rFire   . . .      SeeInvis .   a - +0 short sword
rCold   . . .      Faith    .   (no shield)
rNeg    . . .      Spirit   .   b - +0 leather armour
rPois   .          Reflect  .   (no helmet)
rElec   .          Harm     .   (no cloak)
rCorr   .          Rampage  .   (no gloves)
Will    .....                   (no boots)
Stlth   ++++......              (no amulet)
HPRegen 0.11/turn               (no ring)
MPRegen 0.09/turn               (no ring)

@: no status effects
A: fangs 1, strong nose, distributed training
a: no special abilities


You were in a sewer.
You visited 1 branch of the dungeon, and saw 2 of its levels.
You also visited: Sewer.

Inventory:

Hand Weapons
 a - a +0 short sword (weapon)
Armour
 b - a +0 leather armour (worn)
Jewellery
 d - a ring of magical power
 i - a ring of willpower
Wands
 g - a wand of digging (3)
Scrolls
 c - a scroll of fog
 e - a scroll of fear
 h - a scroll of identify {unknown}
Potions
 f - a potion of haste


   Skills:
 + Level 6.5 Fighting
 + Level 4.5 Short Blades
 + Level 0.7 Long Blades
 + Level 0.7 Axes
 + Level 0.7 Maces & Flails
 + Level 0.7 Polearms
 + Level 0.7 Staves
 + Level 0.7 Slings
 + Level 0.7 Bows
 + Level 0.7 Crossbows
 + Level 0.7 Throwing
 + Level 0.7 Armour
 + Level 4.5 Dodging
 + Level 9.5 Stealth
 + Level 0.7 Shields
 + Level 0.7 Unarmed Combat
 + Level 0.7 Spellcasting
 + Level 0.5 Conjurations
 + Level 0.5 Hexes
 + Level 0.5 Summonings
 + Level 0.5 Necromancy
 + Level 0.5 Translocations
 + Level 0.5 Transmutations
 + Level 0.5 Fire Magic
 + Level 0.5 Ice Magic
 + Level 0.5 Air Magic
 + Level 0.5 Earth Magic
 + Level 0.5 Poison Magic
 + Level 0.9 Invocations
 + Level 0.7 Evocations


You had 3 spell levels left.
You didn't know any spells.
Your spell library was empty.

Dungeon Overview and Level Annotations

Branches:
Dungeon (5/15)             Temple (0/1) D:4           Sewer (1/1)

Altars:
Gozag

Annotations:
D:4 3 runed translucent doors


Innate Abilities, Weirdness & Mutations

You have very sharp teeth.
Your uncanny sense of smell can sniff out nearby items.
Your experience applies equally to all skills.


Message History

The river rat is moderately wounded.
The rat bites you.
* * * LOW HITPOINT WARNING * * *
The river rat closely misses you.
You closely miss the river rat.
The river rat is moderately wounded.
The rat closely misses you. The river rat bites you.
* * * LOW HITPOINT WARNING * * *
You closely miss the river rat.
The river rat is moderately wounded.
The rat bites you but does no damage.
You hit the river rat but do no damage.
The river rat is moderately wounded.
The river rat misses you. The rat barely misses you.
You hit the river rat but do no damage. You bite the river rat.
The river rat is moderately wounded.
The river rat barely misses you.
You hit the river rat but do no damage.
The river rat is moderately wounded.
The rat barely misses you. The river rat bites you.
* * * LOW HITPOINT WARNING * * *
You barely miss the river rat.
The river rat is moderately wounded.
The rat completely misses you. The river rat barely misses you.
You barely miss the river rat.
The river rat is moderately wounded.
The rat closely misses you. The river rat closely misses you.
Unknown command.
You hit the river rat.
The river rat is heavily wounded.
The rat barely misses you. The river rat bites you.
* * * LOW HITPOINT WARNING * * *
You hit the river rat but do no damage.
The river rat is heavily wounded.
The rat closely misses you. The river rat misses you.
Unknown command.
You closely miss the river rat.
The river rat is heavily wounded.
The rat misses you. The river rat bites you.
You die...

#####
###≈≈.###
#≈.≈...≈#
##≈≈≈..≈.#
#≈≈.###≈≈≈#
##rr## ≈#
#≈.@#
#≈≈##∆
#≈≈#∆∆ #∩∩#
∆ #.≈#∆∆
#≈.# ∆ #≈.≈
##≈.# #.≈.


You could see a river rat and a rat.

Vanquished Creatures
  An adder (D:4)
  A river rat (Sewer)
  2 worms (D:4)
  An endoplasm (D:4)
  3 giant cockroaches (D:4)
  A goblin (D:4)
  A hobgoblin (D:4)
  A quokka (D:4)
11 creatures vanquished.

Vanquished Creatures (others)
  4 plants (D:4)
4 creatures vanquished.

Grand Total: 15 creatures vanquished

Notes
Turn   | Place    | Note
-------+----------+-------------------------------------------
     0 | D:5      | Reached skill level 9 in Stealth
     0 | D:5      | DocClef the Gnoll Delver began the quest for the Orb.
     0 | D:5      | Reached XP level 1. HP: 23/23 MP: 1/1
     6 | D:5      | Noticed an orc wizard
    30 | D:4      | Found a runed translucent gate.
    31 | D:4      | Found a runed translucent gate.
    31 | D:4      | Found an opulent altar of Gozag.
    32 | D:4      | Found a runed translucent gate.
   132 | D:4      | Reached XP level 2. HP: 25/29 MP: 2/2
   189 | D:4      | HP: 1/29 [worm (4)]
   194 | D:4      | Reached XP level 3. HP: 2/35 MP: 3/3
   201 | D:4      | Found a glowing drain.
   205 | Sewer    | Entered a sewer
   516 | Sewer    | HP: 1/35 [river rat (1)]
   518 | Sewer    | Slain by a river rat

Illustrated notes

Levels and vault maps discovered:
D:4:      layout_loops_ring, minmay_temple_entry_large_hall,
          gup_sewer_entry_spiral, ebering_ghost_gozag, solitary_fountain,
          minmay_misc_feat_more_columns, serial_bayou_lagoon_a, uniq_menkaure
D:5:      layout_basic, nicolae_overflow_hidden_temple,
          minmay_misc_feat_four_crosses
Sewer:    sewer_hellmonk_bad_rat

Skill      XL: | |
---------------+-+-----
Stealth        | |  9.5
Fighting       | |  6.5
Short Blades   | |  4.5
Long Blades    | |  0.7
Axes           | |  0.7
Maces & Flails | |  0.7
Polearms       | |  0.7
Staves         | |  0.7
Slings         | |  0.7
Bows           | |  0.7
Crossbows      | |  0.7
Throwing       | |  0.7
Armour         | |  0.7
Dodging        | |  4.5
Shields        | |  0.7
Unarmed Combat | |  0.7
Spellcasting   | |  0.7
Conjurations   | |  0.5
Hexes          | |  0.5
Summonings     | |  0.5
Necromancy     | |  0.5
Translocations | |  0.5
Transmutations | |  0.5
Fire Magic     | |  0.5
Ice Magic      | |  0.5
Air Magic      | |  0.5
Earth Magic    | |  0.5
Poison Magic   | |  0.5
Invocations    | |  0.9
Evocations     | |  0.7

Action                   || total
-------------------------++-------
Melee: Short sword       ||    66
       Bite              ||    11
  Use: Scroll            ||     1
 Stab: Sleeping          ||     7
Armor: Leather armour    ||     5
Dodge: Dodged            ||    36

Table legend: (Time is in decaauts)
 A = Elapsed time spent in this place.
 B = Non-inter-level travel time spent in this place.
 C = Inter-level travel time spent in this place.
 D = Time resting spent in this place.
 E = Time spent auto-exploring this place.
 F = Levels seen in this place.
 G = Mean time per level.
                   A        B        C        D        E       F      G
               +--------+--------+--------+--------+--------+-----+--------+
         Total |    535 |    456 |     79 |    262 |      5 |   3 |  178.3 |
       Dungeon |    220 |    141 |     79 |      0 |      5 |   2 |  110.0 |
         Sewer |    314 |    314 |      0 |    262 |      0 |   1 |  314.0 |
               +--------+--------+--------+--------+--------+-----+--------+

Top non-repeatable levels by time:
   Sewer: 314 daAuts
     D:4: 203 daAuts
     D:5: 17 daAuts
